 Dungeon Crawl Stone Soup version 0.25-a0-598-gc9c9e4cfe1 (webtiles) character file.

Game seed: 6271601248335838640, levelgen mode: deterministic

106 Esekla the Ducker (level 4, -2/21 HPs)
             Began as a Spriggan Artificer on Mar 15, 2020.
             Slain by a quokka (5 damage)
             ... on level 3 of the Dungeon.
             The game lasted 00:11:06 (2376 turns).

Esekla the Ducker (Spriggan Artificer)              Turns: 2376, Time: 00:11:06

Health: -2/21      AC:  2    Str:  8    XL:     4   Next: 55%
Magic:  8/8        EV: 20    Int: 13    God:
Gold:   83         SH:  0    Dex: 16    Spells: 6/6 levels left

rFire    . . .     SeeInvis +   a - +0 short sword
rCold    . . .     Gourm    .   (shield restricted)
rNeg     . . .     Faith    .   b - +0 robe
rPois    .         Spirit   .   (helmet restricted)
rElec    .         Reflect  .   (no cloak)
rCorr    .         Harm     .   (gloves unavailable)
MR       .....                  (boots unavailable)
Stlth    ++........             (no amulet)
HPRegen  0.07/turn              u - -5 ring of slaying (curse)
MPRegen  0.11/turn              (no ring)

@: very quick
A: very small, unfitting armour, see invisible, herbivore, speed 3, slow
metabolism 2
a: no special abilities


You were on level 3 of the Dungeon.
You were not hungry.

You visited 1 branch of the dungeon, and saw 3 of its levels.

You collected 83 gold pieces.

Inventory:

Hand Weapons
 a - a +0 short sword (weapon)
Missiles
 k - 8 boomerangs of dispersal
 q - 14 poisoned darts (quivered)
Armour
 b - a +0 robe (worn)
 j - a +0 leather armour
Jewellery
 m - an uncursed ring of resist corrosion
 u - a cursed -5 ring of slaying (left hand)
Wands
 c - a wand of flame (15)
 d - a wand of enslavement (15)
 e - a wand of random effects (15)
Scrolls
 h - a scroll of teleportation
 t - a scroll of identify
Potions
 g - a potion of stabbing
 n - a potion of brilliance
 o - 2 potions of heal wounds
 p - a potion of berserk rage
Comestibles
 f - 3 rations


   Skills:
 - Level 0.7 Fighting
 * Level 2.8 Short Blades
 + Level 0.2 Throwing
 * Level 5.1 Dodging
 + Level 2.6 Stealth
 * Level 1.5 Spellcasting
 - Level 4.0 Evocations


You had 6 spell levels left.
You didn't know any spells.
Your spell library was empty.

Dungeon Overview and Level Annotations

Branches:
Dungeon (3/15)

Altars:
Kikubaaqudgha
Nemelex Xobeh


Innate Abilities, Weirdness & Mutations

You are very small and have problems with some larger weapons.
You are too small for most types of armour.
You have supernaturally acute eyesight. (SInv)
You are a herbivore.
You cover ground extremely quickly.
You need to consume almost no food.


Message History

The quokka is severely wounded.
The quokka misses you.
You closely miss the quokka.
The quokka is severely wounded.
The quokka completely misses you.
You miss the quokka.
The quokka is severely wounded.
The quokka completely misses you.
You hit the quokka.
The quokka is almost dead.
The quokka closely misses you.
You closely miss the quokka.
The quokka is almost dead.
The quokka bites you.
* * * LOW HITPOINT WARNING * * *
The quokka completely misses you.
You barely miss the quokka.
The quokka is almost dead.
The quokka bites you.
You die...

#. .... ........# #.. ....
......... .... ..... .......#
..... ..... #......#. .....
............... .....
......#......# #.#.....
......r......# .....##.. #@.....#
......... #......##.......#.
####........# #......##.......#.
...#........# ##'######.......#.
.#.#........# #.##.............
.#.#........#####'##.............
.#.#....................#........
.#.#......#...........###........
.#.#..................# #........


You could see a quokka.

Vanquished Creatures
  A worker ant zombie (D:2)
  5 adders
  3 dart slugs
  2 leopard geckos
  An orc (D:3)
  A ball python (D:2)
  4 bats
  7 giant cockroaches
  2 goblins
  A hobgoblin (D:1)
  3 jackals (D:2)
  4 kobolds
  A quokka (D:2)
  A frilled lizard (D:2)
  5 rats
41 creatures vanquished.

Notes
Turn   | Place    | Note
-------+----------+-------------------------------------------
     0 | D:1      | Esekla the Spriggan Artificer began the quest for the Orb.
     0 | D:1      | Reached XP level 1. HP: 9/9 MP: 4/4
   233 | D:1      | Reached XP level 2. HP: 14/14 MP: 6/6
   239 | D:1      | Reached skill level 4 in Dodging
  1027 | D:2      | Reached skill level 1 in Spellcasting
  1027 | D:2      | Reached XP level 3. HP: 7/17 MP: 7/7
  1290 | D:2      | Found a sparkling altar of Nemelex Xobeh.
  1604 | D:3      | Reached XP level 4. HP: 14/21 MP: 8/8
  1783 | D:3      | Found an ancient bone altar of Kikubaaqudgha.
  1883 | D:3      | Reached skill level 5 in Dodging
  2376 | D:3      | Slain by a quokka

Levels and vault maps discovered:
D:1:      minmay_arrival_jagged, layout_loops_ring,
          corexii_item_surrounded_by_moat, minmay_misc_feat_encased
D:2:      layout_basic, nemelex_xobeh_ov_fountains_minmay
D:3:      layout_basic, kiku_gazebo_pond_becter, first_ration,
          gammafunk_ghost_stat_death, uniq_jessica

Skill      XL: |  1  2  3  4 |
---------------+-------------+-----
Stealth        | 2 |  2.6
Dodging        | 4 5 |  5.1
Spellcasting   | 1 |  1.5
Short Blades   | 2 |  2.8
Fighting       | |  0.7
Throwing       | |  0.2
Evocations     | |  4.0

Action                   |  1- 3 |  4- 6 || total
-------------------------+-------+-------++-------
Melee: Short sword       |   153 |    59 ||   212
Throw: Dart              |     2 |    18 ||    20
  Use: Scroll            |     3 |     6 ||     9
 Stab: Sleeping          |     6 |     1 ||     7
Armor: Robe              |    23 |     1 ||    24
Dodge: Dodged            |   129 |    46 ||   175

Table legend:
 A = Non-vault XP
 B = Vault XP
 C = Vault XP percentage of total XP
 D = Non-vault monster count
 E = Vault monster count
 F = Vault count percentage of total count
                 A         B        C        D         E       F
            +---------+---------+-------+---------+---------+-------
      Total |     152 |       0 |   0.0 |      41 |       0 |   0.0
            +---------+---------+-------+---------+---------+-------
        D:1 |      27 |       0 |   0.0 |      12 |       0 |   0.0
        D:2 |      84 |       0 |   0.0 |      21 |       0 |   0.0
        D:3 |      41 |       0 |   0.0 |       8 |       0 |   0.0
            +---------+---------+-------+---------+---------+-------
